cohdb
Replays
Latest Replays
All Replays
Popular Replays
Top Player Replays
Match Explorer
How It Works
Community
CoH3 Stats
Reddit
Sign in to upload your games and track your stats! →
Sign in with Steam
Match 42070895
Unlisted
Match 42070895
Overview
Messages
Build Orders
End
Engineer Squad
Construct Barracks
Selects Airborne Battlegroup
Selects Pathfinders
Selects Smoke Bombing Run
1⁄4-ton 4x4 Truck
Riflemen Squad
Riflemen Squad
Grenade Package
Riflemen Squad
M1 Mortar Team
Construct Weapon Support Center
Riflemen Squad
Mechanized Support Center
Riflemen Squad
Selects Paratrooper Squad Paradrop
Selects Supply Drop
Construct Medical Station
M3 Armored Personnel Carrier
Stics ✿
Grand.G
0
0
Comments
sign in to comment!
No comments posted yet!